AoeStats
← [GDL] Maldito Pantoja

Black Forest

508244717Analyzed
4v4 RM · 11d ago on Sep 21, 2026· 97m 38s· 8 players
Game mode
Random Map
Map size
Large (8 player)
Population
200
Speed
Normal
Resources
Standard
Victory
Conquest
Starting age
Dark Age
Ending age
Imperial Age
RankedLock teamsTeams togetherTeam positionsShared explorationLock speedFull tech treeHidden civsTurbo modeCheats
Victory
Defeat
🇲🇽 Persians · Mexico
1160
+15
🇧🇷 Turks · Brazil
1158
+15
🇳🇱 Bohemians · Netherlands
1139
+16
🇭🇰 Khmer · Hong Kong SAR China
1087
+17
🇵🇪 Inca · Peru
1148
-16
🇨🇭 Hindustanis · Switzerland
1134
-16
🇨🇦 Turks · Canada
1128
-16
🇨🇱 Bohemians · Chile
1110
-15
Ricardo
1:46 Loom
12:03 Feudal Age
12:49 Double-Bit Axe
12:51 Horse Collar
18:20 Castle Age
22:48 Wheelbarrow
23:24 Bow Saw
23:22 Heavy Plow
26:31 Hand Cart
30:46 Imperial Age
30:17 Chemistry
29:25 Caravan
30:10 Fletching
30:12 Town Watch
31:22 Bodkin Arrow
31:55 Siege Engineers
32:44 Town Patrol
32:46 Bracer
33:32 Squires
32:53 Pikeman
34:11 Houfnice
35:17 Scale Mail Armor
35:27 Forging
35:32 Padded Archer Armor
35:07 Halberdier
39:01 Chain Mail Armor
39:22 Iron Casting
40:37 Plate Mail Armor
41:08 Blast Furnace
43:20 Arson
51:27 Bombard Tower
54:20 Ballistics
56:16 Man-at-Arms
57:09 Long Swordsman
60:22 Leather Archer Armor
59:32 Elite Skirmisher
65:29 Two-Handed Swordsman
66:31 Champion
78:52 Ring Archer Armor
88:44 Scale Barding Armor
90:18 Chain Barding Armor
91:48 Capped Ram
93:08 Light Cavalry
93:49 Husbandry
Yisus Patitas Suaves
11:06 Feudal Age
14:38 Castle Age
12:42 Double-Bit Axe
15:52 Wheelbarrow
15:43 Horse Collar
16:30 Heavy Plow
20:56 Loom
23:19 Bow Saw
23:43 Hand Cart
24:31 Padded Archer Armor
24:24 Fletching
24:30 Town Watch
25:15 Bodkin Arrow
25:23 Padded Archer Armor
26:48 Gold Mining
26:51 Stone Mining
27:23 Thumb Ring
30:15 Imperial Age
28:57 Town Patrol
29:15 Leather Archer Armor
29:13 Squires
28:40 Champi Runner
29:32 Forging
29:23 Scale Mail Armor
28:46 Elite Skirmisher
29:33 Andean Sling
30:05 Coinage
30:47 Caravan
30:14 Champi Warrior
31:19 Bracer
31:49 Ring Archer Armor
32:01 Banking
31:42 Guilds
31:55 Conscription
32:27 Crop Rotation
32:33 Gold Shaft Mining
32:33 Stone Shaft Mining
32:28 Ballistics
31:51 Treadmill Crane
33:11 Chemistry
32:34 Ballistics
33:14 Chemistry
33:16 Elite Champi Warrior
33:19 Capped Ram
34:03 Squires
33:49 Arson
33:40 Elite Kamayuk
35:23 Chain Mail Armor
35:44 Iron Casting
36:41 Fabric Shields
37:02 Siege Ram
50:16 Block Printing
50:22 Sanctity
50:32 Illumination
88:26 Pikeman
91:48 Halberdier
potato
5:16 Loom
12:51 Feudal Age
16:57 Castle Age
15:41 Double-Bit Axe
15:49 Stone Mining
15:52 Horse Collar
24:44 Wheelbarrow
27:33 Bow Saw
27:25 Heavy Plow
28:39 Gold Mining
32:27 Hand Cart
32:39 Caravan
36:35 Imperial Age
35:06 Ballistics
35:03 Padded Archer Armor
35:13 Forging
35:09 Scale Barding Armor
37:53 Bombard Tower
38:03 Conscription
37:12 Elite Janissary
37:58 Husbandry
38:25 Leather Archer Armor
38:48 Iron Casting
38:50 Artillery
42:23 Bloodlines
42:05 Heavy Scorpion
43:11 Guilds
44:50 Chain Barding Armor
45:02 Ring Archer Armor
45:33 Blast Furnace
47:00 Coinage
49:51 Plate Barding Armor
51:31 Two-Man Saw
51:06 Banking
64:24 Heavy Camel Rider
Brasserie
1:22 Loom
12:03 Feudal Age
15:55 Castle Age
13:55 Double-Bit Axe
15:31 Scale Barding Armor
15:09 Horse Collar
22:22 Wheelbarrow
21:33 Town Watch
24:15 Bow Saw
25:19 Gold Mining
25:27 Stone Mining
26:46 Heavy Plow
28:50 Chain Barding Armor
28:30 Scale Mail Armor
28:40 Forging
31:40 Imperial Age
30:59 Hand Cart
32:17 Bloodlines
32:07 Husbandry
31:28 Light Cavalry
33:28 Chemistry
32:24 Heavy Camel Rider
35:56 Plate Barding Armor
35:58 Iron Casting
34:50 Imperial Camel Rider
38:11 Gold Shaft Mining
39:24 Hussar
41:07 Blast Furnace
40:08 Padded Archer Armor
42:19 Shatagni
44:02 Leather Archer Armor
68:13 Pikeman
68:54 Squires
91:07 Caravan
[GDL] Maldito Pantoja
4:10 Loom
13:00 Feudal Age
15:13 Wheelbarrow
14:42 Horse Collar
15:01 Gold Mining
18:26 Castle Age
16:25 Stone Mining
16:22 Double-Bit Axe
20:51 Bow Saw
20:45 Heavy Plow
23:54 Hand Cart
29:55 Imperial Age
28:00 Town Watch
29:17 Gold Shaft Mining
29:19 Stone Shaft Mining
29:47 Forging
29:42 Scale Barding Armor
30:34 Conscription
31:40 Iron Casting
31:09 Onager
33:21 Chemistry
33:55 Blast Furnace
33:18 Chain Barding Armor
36:22 Elite War Elephant
38:36 Plate Barding Armor
39:08 Caravan
40:20 Town Patrol
42:12 Masonry
41:57 Murder Holes
42:12 Masonry
41:57 Murder Holes
42:23 Ballistics
43:30 Fletching
43:40 Padded Archer Armor
MIB Asterix
5:58 Loom
14:08 Feudal Age
18:37 Castle Age
17:31 Double-Bit Axe
17:28 Horse Collar
19:34 Wheelbarrow
20:37 Bow Saw
21:31 Heavy Plow
25:52 Fortified Wall
26:14 Hand Cart
28:13 Treadmill Crane
29:21 Caravan
33:45 Imperial Age
31:38 Padded Archer Armor
32:02 Ballistics
33:24 Chemistry
32:35 Masonry
32:21 Murder Holes
33:59 Leather Archer Armor
33:34 Fletching
34:25 Scale Mail Armor
34:36 Forging
34:00 Houfnice
35:10 Conscription
35:53 Ring Archer Armor
35:19 Bodkin Arrow
35:57 Siege Engineers
36:23 Architecture
37:17 Wagenburg Tactics
40:01 Bombard Tower
46:17 Pikeman
46:57 Squires
47:14 Chain Mail Armor
47:36 Iron Casting
47:01 Bracer
47:07 Town Watch
47:01 Halberdier
49:33 Arson
50:25 Plate Mail Armor
54:29 Plate Mail Armor
54:59 Blast Furnace
74:54 Elite Skirmisher
78:08 Light Cavalry
78:51 Husbandry
80:18 Scale Barding Armor
HAHA
1:42 Loom
11:53 Feudal Age
13:17 Wheelbarrow
16:00 Castle Age
25:20 Horse Collar
27:18 Padded Archer Armor
29:24 Leather Archer Armor
30:16 Fletching
33:56 Hand Cart
33:28 Double-Bit Axe
33:45 Heavy Plow
34:49 Stone Mining
34:50 Gold Mining
35:12 Bow Saw
35:08 Caravan
39:04 Bodkin Arrow
39:22 Town Watch
40:49 Gold Shaft Mining
44:56 Imperial Age
43:49 Sipahi
45:32 Elite Janissary
46:14 Artillery
49:49 Conscription
54:16 Bombard Tower
63:55 Bloodlines
63:46 Husbandry
64:56 Scale Barding Armor
65:02 Forging
64:52 Bracer
65:23 Ring Archer Armor
67:12 Iron Casting
66:58 Chain Barding Armor
67:12 Scale Mail Armor
72:44 Town Patrol
78:26 Coinage
78:10 Capped Ram
82:57 Siege Ram
90:36 Banking
92:07 Plate Barding Armor
94:26 Blast Furnace
96:55 Chain Mail Armor
addonion123
10:25 Feudal Age
9:32 Loom
15:22 Castle Age
13:50 Double-Bit Axe
14:14 Horse Collar
22:14 Bow Saw
24:22 Wheelbarrow
26:10 Heavy Plow
26:03 Stone Mining
30:11 Imperial Age
27:45 Gold Mining
28:23 Bloodlines
28:14 Husbandry
27:39 Light Cavalry
27:46 Light Cavalry
29:16 Hand Cart
29:52 Town Watch
30:28 Scale Barding Armor
30:34 Forging
32:03 Chain Barding Armor
31:05 Hussar
32:13 Heavy Scorpion
34:05 Double Crossbow
35:28 Conscription
36:14 Plate Barding Armor
37:00 Chemistry
38:36 Siege Engineers
38:52 Ballistics
40:00 Caravan
40:41 Iron Casting
41:04 Masonry
43:59 Blast Furnace
42:51 Fletching
54:33 Hoardings
86:59 Bodkin Arrow
Connection lost

Rejoining the realm…

Still unreachable

The connection could not be restored.

Session expired

The server has moved on; the page needs a fresh start.